AoeStats
← kkkg

Arena

508624851Analyzed
2v2 RM · 8d ago on Sep 23, 2026· 45m 55s· 4 players
Game mode
Random Map
Map size
Medium (4 player)
Population
200
Speed
Normal
Resources
Standard
Victory
Conquest
Starting age
Dark Age
Ending age
Imperial Age
RankedLock teamsTeams togetherTeam positionsShared explorationLock speedFull tech treeHidden civsTurbo modeCheats
Victory
Defeat
1072
+15
🇨🇳 Tatars · China
947
+21
🇬🇧 Byzantines · United Kingdom
1054
-18
🇬🇧 Varangians · United Kingdom
1048
-18
kkkg
10:49 Feudal Age
11:56 Double-Bit Axe
14:47 Castle Age
14:20 Double-Bit Axe
16:32 Bow Saw
16:25 Horse Collar
20:18 Heavy Plow
22:51 Loom
22:52 Town Watch
23:32 Stone Mining
24:07 Gold Mining
25:00 Wheelbarrow
24:55 Masonry
29:59 Gold Shaft Mining
30:36 Hand Cart
34:52 Imperial Age
34:40 Town Patrol
35:35 Scale Barding Armor
35:40 Forging
36:50 Conscription
36:33 Silk Armor
36:47 Timurid Siegecraft
37:57 Chain Barding Armor
38:13 Iron Casting
37:21 Elite Keshik
38:00 Treadmill Crane
39:21 Chemistry
38:43 Ballistics
40:42 Plate Barding Armor
41:07 Blast Furnace
40:57 Husbandry
41:08 Bloodlines
44:05 Fletching
44:16 Padded Archer Armor
46:24 Siege Engineers
这是我的弟弟约翰
10:31 Feudal Age
14:14 Castle Age
12:39 Double-Bit Axe
12:44 Horse Collar
16:06 Heavy Plow
19:58 Loom
24:00 Stone Mining
24:03 Gold Mining
25:48 Wheelbarrow
27:09 Hand Cart
28:22 Bow Saw
31:24 Imperial Age
30:26 Masonry
30:23 Fletching
30:43 Forging
31:14 Stone Shaft Mining
30:54 Bloodlines
31:24 Elite Skirmisher
31:33 Elite Teutonic Knight
33:59 Chemistry
36:16 Crenellations
36:31 Conscription
38:13 Two-Man Saw
38:34 Fortified Wall
40:46 Ballistics
uascL
10:04 Feudal Age
10:47 Loom
14:09 Castle Age
13:48 Forging
13:38 Scale Mail Armor
14:03 Arson
14:11 Double-Bit Axe
18:55 Squires
22:25 Horse Collar
22:56 Bow Saw
23:39 Iron Casting
23:19 Chain Mail Armor
23:44 Chain Mail Armor
26:58 Wheelbarrow
26:08 Town Watch
29:11 Hand Cart
28:57 Town Patrol
29:08 Town Patrol
30:02 Heavy Plow
29:59 Gold Mining
29:59 Stone Mining
38:23 Scale Barding Armor
44:50 Imperial Age
BurningFire924
7:47 Loom
10:14 Feudal Age
14:08 Castle Age
12:42 Double-Bit Axe
14:15 Horse Collar
16:57 Bow Saw
19:23 Scale Barding Armor
25:58 Forging
28:19 Heavy Plow
28:42 Chain Barding Armor
28:58 Iron Casting
30:09 Gold Mining
30:11 Stone Mining
37:43 Imperial Age
37:05 Wheelbarrow
38:59 Conscription
40:50 Hand Cart
41:55 Plate Barding Armor
40:59 Elite Cataphract
42:12 Murder Holes
42:33 Fortified Wall
42:12 Heavy Camel Rider
45:40 Two-Man Saw
45:11 Crop Rotation
45:18 Guilds
Connection lost

Rejoining the realm…

Still unreachable

The connection could not be restored.

Session expired

The server has moved on; the page needs a fresh start.